General information
- name: BNet
- type: Ladder team game (AT/RT)
- host: Battle.net
- saver: PIE_GOOFED
map: GoldRush
- players: 8
- length: 37:16
- speed: Fast
- version: 1.26 W3XP
- replay type: Public
» download(256 KB)
Players
team 1 (winner)

»
blueblood116 (
teal | 21 APM | 780 actions | 37:16)
6 Death Knight
3 Death Coil
2 Unholy Aura
1 Animate Dead
» actions
| Basic commands | 9 | |
| Build / train | 43 | |
| Enter build submenu | 21 | |
| Enter hero's abilities submenu | 6 | |
| Right click | 378 | |
| Select / deselect | 283 | |
| Use ability | 40 | |
780 total
» units
| Acolyte | 2 | |
| Ghoul | 8 | |
| Crypt Fiend | 4 | |
| Frost Wyrm | 5 | |
19 total
» upgrades
| Creature Attack | 3 | |
| Creature Carapace | 3 | |
| Web | 1 | |
| Freezing Breath | 1 | |
8 total
» buildings
| Altar of Darkness | 1 | |
| Crypt | 1 | |
| Ziggurat | 9 | |
| Graveyard | 1 | |
| Nerubian Tower | 1 | |
| Spirit Tower | 3 | |
| Tomb of Relics | 1 | |
| Halls of the Dead | 1 | |
| Black Citadel | 1 | |
| Sacrificial Pit | 1 | |
| Boneyard | 2 | |
22 total
» build order
00:17 Altar of Darkness
00:21 Crypt
00:31 Ziggurat
01:07 Graveyard
01:49 Nerubian Tower
01:58 Ziggurat
03:36 Spirit Tower
03:40 Tomb of Relics
03:55 Ziggurat
05:28 Spirit Tower
05:29 Halls of the Dead
07:24 Ziggurat
07:30 Ziggurat
07:38 Ziggurat
07:46 Ziggurat
07:52 Ziggurat
07:57 Ziggurat
09:15 Black Citadel
11:46 Spirit Tower
11:50 Sacrificial Pit
13:14 Boneyard
19:07 Boneyard
» items
| Orb of Corruption | 1 | |
| Potion of Healing | 2 | |
3 total

»
FATBLACKGUY (
orange | 43 APM | 1597 actions | 37:16)
4 Tauren Chieftain
2 Endurance Aura
2 Shockwave
» actions
| Assign group hotkey | 13 | |
| Basic commands | 69 | |
| Build / train | 56 | |
| Enter build submenu | 11 | |
| Enter hero's abilities submenu | 4 | |
| Give item / drop item | 1 | |
| Right click | 962 | |
| Select / deselect | 313 | |
| Select group hotkey | 112 | |
| Use ability | 56 | |
1597 total
» units
» upgrades
| Ranged Weapons | 3 | |
| Burning Oil | 1 | |
| Armor | 3 | |
7 total
» buildings
| Barracks | 2 | |
| Altar of Storms | 1 | |
| Orc Burrow | 4 | |
| War Mill | 1 | |
| Stronghold | 3 | |
| Fortress | 1 | |
| Great Hall | 1 | |
13 total
» build order
00:05 Barracks
00:08 Altar of Storms
00:16 Orc Burrow
01:40 War Mill
02:19 Barracks
03:15 Orc Burrow
03:17 Orc Burrow
03:36 Orc Burrow
04:06 Stronghold
06:34 Fortress
22:29 Stronghold
24:38 Stronghold
30:05 Great Hall
» items
| Scroll of Town Portal | 7 | |
| Healing Salve | 1 | |
| Orb of Lightning | 1 | |
| Tiny Great Hall | 2 | |
| Potion of Invisibility | 1 | |
| Boots of Speed | 1 | |
| Potion of Lesser Invulnerability | 1 | |
| Scroll of Healing | 2 | |
16 total

»
diablo3betahere (
red | 111 APM | 4145 actions | 37:16)
9 Far Seer
3 Feral Spirit
3 Chain Lighting
1 Earth Quake
2 Far Sight
6 Tauren Chieftain
3 Shockwave
2 Endurance Aura
1 Reincarnation
1 Shadow Hunter
1 Healing Wave
» actions
| Assign group hotkey | 806 | |
| Basic commands | 105 | |
| Build / train | 110 | |
| Enter build submenu | 27 | |
| Enter hero's abilities submenu | 16 | |
| Give item / drop item | 2 | |
| Remove unit from queue | 3 | |
| Right click | 1525 | |
| Select / deselect | 609 | |
| Select group hotkey | 720 | |
| Use ability | 222 | |
4145 total
» units
| Peon | 16 | |
| Troll Headhunter/Berserker | 20 | |
| Shaman | 5 | |
| Tauren | 1 | |
| Grunt | 1 | |
43 total
» upgrades
| Ranged Weapons | 3 | |
| Armor | 3 | |
| Troll Regeneration | 1 | |
| Berserker Upgrade | 1 | |
| Shaman Training | 2 | |
| Pulverize | 1 | |
11 total
» buildings
| Altar of Storms | 2 | |
| Orc Burrow | 11 | |
| War Mill | 2 | |
| Barracks | 4 | |
| Voodoo Lounge | 2 | |
| Great Hall | 3 | |
| Stronghold | 5 | |
| Fortress | 2 | |
| Spirit Lodge | 1 | |
| Tauren Totem | 1 | |
| Watch Tower | 4 | |
37 total
» build order
00:14 Altar of Storms
00:16 Orc Burrow
01:23 War Mill
01:43 Barracks
01:46 Barracks
02:12 Orc Burrow
02:40 Voodoo Lounge
04:27 Great Hall
04:58 Stronghold
04:58 Stronghold
04:58 Stronghold
05:22 Orc Burrow
08:35 Fortress
08:35 Fortress
09:16 Spirit Lodge
11:42 Orc Burrow
12:47 Orc Burrow
17:15 Tauren Totem
17:16 Orc Burrow
19:39 Great Hall
23:47 Altar of Storms
23:49 Orc Burrow
23:56 Barracks
23:57 Barracks
25:51 Orc Burrow
25:51 Orc Burrow
25:52 Orc Burrow
26:18 Voodoo Lounge
27:08 Stronghold
27:14 War Mill
27:19 Great Hall
27:37 Orc Burrow
31:07 Watch Tower
31:08 Watch Tower
31:08 Watch Tower
31:09 Watch Tower
» items
| Healing Salve | 3 | |
| Scroll of Speed | 2 | |
| Boots of Speed | 1 | |
| Scroll of Town Portal | 9 | |
| Potion of Mana | 4 | |
| Potion of Healing | 2 | |
| Orb of Lightning | 2 | |
| Lesser Clarity Potion | 3 | |
26 total

»
dnadj (
green | 31 APM | 1138 actions | 37:16)
6 Blademaster
2 Wind Walk
2 Critical Strike
1 Mirror Image
1 Bladestorm
» actions
| Basic commands | 8 | |
| Build / train | 102 | |
| Enter build submenu | 44 | |
| Enter hero's abilities submenu | 6 | |
| Give item / drop item | 4 | |
| Remove unit from queue | 4 | |
| Right click | 480 | |
| Select / deselect | 380 | |
| Use ability | 109 | |
1138 total
» units
| Peon | 13 | |
| Grunt | 8 | |
| Troll Batrider | 33 | |
| Shaman | 12 | |
| Kodo Beast | 1 | |
| Wind Rider | 7 | |
74 total
» upgrades
| Ranged Weapons | 1 | |
| Armor | 1 | |
| Shaman Training | 2 | |
| Liquid Fire | 1 | |
5 total
» buildings
| Altar of Storms | 2 | |
| Orc Burrow | 10 | |
| Barracks | 1 | |
| Voodoo Lounge | 2 | |
| War Mill | 3 | |
| Stronghold | 2 | |
| Fortress | 1 | |
| Beastiary | 2 | |
| Spirit Lodge | 1 | |
| Great Hall | 4 | |
| Watch Tower | 11 | |
39 total
» build order
00:07 Altar of Storms
00:09 Orc Burrow
00:18 Barracks
02:03 Orc Burrow
02:15 Voodoo Lounge
02:37 War Mill
03:54 Stronghold
05:32 Orc Burrow
05:36 Orc Burrow
07:13 Fortress
07:21 Beastiary
07:37 Beastiary
08:09 Spirit Lodge
12:16 Great Hall
13:36 Orc Burrow
13:39 Orc Burrow
22:19 Stronghold
24:27 Orc Burrow
24:28 Orc Burrow
24:30 Orc Burrow
24:32 Orc Burrow
25:48 Watch Tower
25:50 Watch Tower
25:52 Watch Tower
25:54 Watch Tower
26:05 Watch Tower
26:06 Watch Tower
26:10 Watch Tower
26:13 Watch Tower
26:15 Watch Tower
28:00 Altar of Storms
28:08 War Mill
32:53 Great Hall
32:59 Voodoo Lounge
34:11 War Mill
35:41 Watch Tower
35:44 Watch Tower
36:07 Great Hall
36:30 Great Hall
» items
| Healing Salve | 3 | |
| Scroll of Speed | 1 | |
| Lesser Clarity Potion | 2 | |
| Orb of Lightning | 1 | |
| Scroll of Town Portal | 1 | |
8 total
team 2 (loser)

»
ChIeFd-OuT4-2-0 (
purple | 35 APM | 1198 actions | 34:16)
6 Archmage
3 Summon Water Elemental
3 Brilliance Aura
» actions
| Basic commands | 210 | |
| Build / train | 97 | |
| Enter build submenu | 33 | |
| Enter hero's abilities submenu | 6 | |
| Right click | 307 | |
| Select / deselect | 469 | |
| Use ability | 76 | |
1198 total
» units
| Peasant | 15 | |
| Footman | 12 | |
| Forest Troll Shadow Priest | 1 | |
| Rifleman | 10 | |
| Priest | 9 | |
| Sorceress | 10 | |
| Knight | 11 | |
| Gryphon Rider | 3 | |
| Spell Breaker | 1 | |
72 total
» upgrades
| Swords | 3 | |
| Plating | 1 | |
| Sorceress Training | 1 | |
| Animal War Training | 1 | |
| Storm Hammers | 1 | |
| Masonry | 1 | |
| Priest Training | 1 | |
9 total
» buildings
| Altar of Kings | 1 | |
| Barracks | 1 | |
| Farm | 11 | |
| Lumber Mill | 1 | |
| Arcane Vault | 1 | |
| Scout Tower | 12 | |
| Keep | 1 | |
| Guard Tower | 4 | |
| Blacksmith | 1 | |
| Arcane Tower | 2 | |
| Arcane Sanctum | 1 | |
| Town Hall | 1 | |
| Castle | 1 | |
| Gryphon Aviary | 2 | |
40 total
» build order
00:05 Altar of Kings
00:09 Barracks
00:12 Farm
00:52 Farm
02:28 Lumber Mill
03:06 Arcane Vault
03:42 Farm
04:13 Scout Tower
04:16 Keep
04:43 Guard Tower
04:46 Scout Tower
04:52 Blacksmith
05:22 Scout Tower
05:27 Arcane Tower
05:52 Farm
05:55 Farm
05:56 Guard Tower
06:59 Scout Tower
07:12 Arcane Sanctum
07:35 Arcane Tower
09:26 Farm
10:45 Town Hall
10:53 Farm
11:16 Castle
16:41 Gryphon Aviary
16:43 Gryphon Aviary
16:48 Farm
18:09 Farm
18:46 Farm
19:22 Farm
24:41 Scout Tower
24:42 Scout Tower
24:44 Scout Tower
24:45 Scout Tower
25:31 Guard Tower
27:01 Scout Tower
27:03 Scout Tower
27:42 Scout Tower
27:45 Scout Tower
27:46 Guard Tower
nycstalker (
blue | 96 APM | 2890 actions | 30:01)
7 Priestess of the Moon
3 Trueshot Aura
3 Searing Arrows
1 Starfall
» actions
| Assign group hotkey | 24 | |
| Basic commands | 10 | |
| Build / train | 63 | |
| ESC pressed | 1 | |
| Enter build submenu | 16 | |
| Enter hero's abilities submenu | 7 | |
| Right click | 1252 | |
| Select / deselect | 368 | |
| Select group hotkey | 1058 | |
| Use ability | 91 | |
2890 total
» units
| Wisp | 16 | |
| Archer | 4 | |
| Huntress | 6 | |
| Dryad | 10 | |
| Druid of the Claw | 4 | |
40 total
» upgrades
| Strength of the Moon | 1 | |
| Moon Armor | 1 | |
| Strength of the Wild | 2 | |
| Reinforced Hides | 2 | |
| Ultravision | 1 | |
| Druid of the Claw Training | 2 | |
| Abolish Magic | 1 | |
| Mark of the Claw | 1 | |
11 total
» buildings
| Moon Well | 8 | |
| Altar of Elders | 1 | |
| Ancient of War | 1 | |
| Hunter's Hall | 1 | |
| Tree of Ages | 1 | |
| Ancient of Wonders | 1 | |
| Ancient of Lore | 2 | |
| Tree of Eternity | 1 | |
| Tree of Life | 2 | |
18 total
» build order
00:09 Moon Well
00:11 Altar of Elders
01:04 Ancient of War
01:15 Moon Well
02:12 Hunter's Hall
02:41 Moon Well
05:04 Tree of Ages
05:46 Moon Well
05:58 Ancient of Wonders
07:52 Ancient of Lore
07:54 Ancient of Lore
09:09 Tree of Eternity
10:11 Moon Well
12:20 Moon Well
13:31 Moon Well
19:13 Tree of Life
19:52 Moon Well
25:32 Tree of Life
» items
PIE_GOOFED (
yellow | 51 APM | 1884 actions | 37:16)
5 Shadow Hunter
2 Hex
3 Healing Wave
1 Demon Hunter
1 Mana Burn
» actions
| Assign group hotkey | 51 | |
| Basic commands | 110 | |
| Build / train | 81 | |
| ESC pressed | 8 | |
| Enter build submenu | 34 | |
| Enter hero's abilities submenu | 7 | |
| Right click | 653 | |
| Select / deselect | 553 | |
| Select group hotkey | 299 | |
| Use ability | 88 | |
1884 total
» units
| Peon | 17 | |
| Grunt | 1 | |
| Troll Headhunter/Berserker | 22 | |
| Wisp | 11 | |
| Dragonhawk Rider | 2 | |
53 total
» upgrades
| Ranged Weapons | 3 | |
| Armor | 3 | |
| Troll Regeneration | 1 | |
| Berserker Upgrade | 1 | |
| Backpack | 1 | |
9 total
» buildings
| Altar of Storms | 2 | |
| Barracks | 2 | |
| Orc Burrow | 5 | |
| War Mill | 1 | |
| Stronghold | 1 | |
| Great Hall | 4 | |
| Voodoo Lounge | 4 | |
| Fortress | 1 | |
| Watch Tower | 3 | |
| Altar of Elders | 1 | |
| Moon Well | 1 | |
| Ancient of Wonders | 1 | |
| Tree of Ages | 3 | |
| Hunter's Hall | 1 | |
| Tree of Life | 2 | |
| Ancient of Wind | 1 | |
33 total
» build order
00:20 Altar of Storms
00:27 Altar of Storms
00:30 Barracks
00:44 Orc Burrow
02:01 War Mill
02:47 Barracks
04:42 Stronghold
04:54 Orc Burrow
04:57 Orc Burrow
04:59 Orc Burrow
07:10 Great Hall
07:16 Voodoo Lounge
07:18 Voodoo Lounge
07:19 Voodoo Lounge
07:49 Fortress
11:26 Orc Burrow
12:57 Watch Tower
13:02 Watch Tower
13:03 Watch Tower
18:55 Voodoo Lounge
19:28 Great Hall
25:20 Great Hall
27:30 Great Hall
28:49 Altar of Elders
29:16 Moon Well
29:22 Ancient of Wonders
29:49 Tree of Ages
30:11 Tree of Ages
31:22 Hunter's Hall
31:59 Tree of Life
32:02 Tree of Life
34:12 Ancient of Wind
34:16 Tree of Ages
» items
| Scroll of Town Portal | 3 | |
| Healing Salve | 1 | |
| Lesser Clarity Potion | 2 | |
| Potion of Healing | 1 | |
7 total

»
Smokethefemale (
pink | 67 APM | 1394 actions | 20:44)
4 Keeper of the Grove
2 Entangling Roots
2 Thorns Aura
2 Demon Hunter
1 Immolation
1 Evasion
» actions
| Assign group hotkey | 44 | |
| Basic commands | 49 | |
| Build / train | 53 | |
| Enter build submenu | 18 | |
| Enter hero's abilities submenu | 6 | |
| Remove unit from queue | 1 | |
| Right click | 508 | |
| Select / deselect | 342 | |
| Select group hotkey | 293 | |
| Use ability | 80 | |
1394 total
» units
| Wisp | 17 | |
| Huntress | 9 | |
| Mountain Giant | 6 | |
32 total
» upgrades
| Strength of the Moon | 1 | |
| Moon Armor | 1 | |
| Reinforced Hides | 1 | |
| Hardened Skin | 1 | |
| Resistant Skin | 1 | |
5 total
» buildings
| Altar of Elders | 1 | |
| Moon Well | 7 | |
| Hunter's Hall | 1 | |
| Ancient of War | 2 | |
| Ancient of Wonders | 1 | |
| Tree of Ages | 1 | |
| Tree of Eternity | 1 | |
| Ancient of Lore | 2 | |
| Tree of Life | 3 | |
19 total
» build order
00:07 Altar of Elders
00:19 Moon Well
01:19 Hunter's Hall
02:25 Ancient of War
02:26 Ancient of War
02:30 Moon Well
02:31 Moon Well
02:39 Moon Well
02:50 Ancient of Wonders
05:49 Tree of Ages
07:01 Moon Well
09:57 Tree of Eternity
10:01 Ancient of Lore
10:04 Ancient of Lore
11:40 Moon Well
11:41 Moon Well
17:58 Tree of Life
18:01 Tree of Life
18:05 Tree of Life
» items
| Dust of Appearance | 2 | |
| Scroll of Town Portal | 1 | |
| Orb of Venom | 1 | |
| Potion of Healing | 1 | |
5 total
Chat log
(00:04 / All) PIE_GOOFED: Oh boy
(00:14 / Allies) Smokethefemale: rush
(00:18 / Allies) nycstalker: yo purp we won that game you left
(00:19 / Allies) nycstalker: lol
(00:20 / All) diablo3betahere: so i got a
(00:27 / All) diablo3betahere: diablo 3 beta pass today
(00:29 / All) diablo3betahere: except
(00:31 / Allies) PIE_GOOFED: really
(00:36 / All) diablo3betahere: i dont have an active world of warcraft account
(00:38 / Allies) PIE_GOOFED: PURPLE won a game where someone left?
(00:39 / All) diablo3betahere: and i cant play it
(00:45 / Allies) PIE_GOOFED: you sure?
(00:46 / All) diablo3betahere: what kind of garbage is that
(00:55 / All) FATBLACKGUY: blizzard 1 everyoe else 0
(01:04 / All) diablo3betahere: im so mad
(01:05 / Allies) PIE_GOOFED: this is... PURPLE... IN THIS GAME.. that we're talking about.. right?
(01:08 / All) diablo3betahere: im just going to pirate the game now
(01:19 / Allies) ChIeFd-OuT4-2-0: wat????/
(01:23 / Allies) ChIeFd-OuT4-2-0: are u talking about
(01:41 / 5) PIE_GOOFED: played with pruple before
(01:45 / 5) PIE_GOOFED: he's fucking horrible at thsi game
(01:47 / 5) PIE_GOOFED: rush him and you win
(01:49 / 5) PIE_GOOFED: he's in the top mid
(01:58 / 8) FATBLACKGUY: im going straight demons
(02:05 / All) diablo3betahere: The future is ours,
(02:06 / 5) PIE_GOOFED: aight whatever
(02:18 / 5) PIE_GOOFED: i'm really tempted to kill him
(02:20 / All) ChIeFd-OuT4-2-0: u will see
(02:22 / All) blueblood116: the world is ours
(02:28 / All) diablo3betahere: i
(02:29 / 5) PIE_GOOFED: he's so bad.
(02:30 / All) diablo3betahere: oh
(02:31 / 8) FATBLACKGUY: i havent decided who im going to kill yet
(02:32 / All) diablo3betahere: i bet i will see
(02:45 / All) ChIeFd-OuT4-2-0: its my world..
(02:54 / All) ChIeFd-OuT4-2-0: and i shall not let u take it
(02:55 / 8) FATBLACKGUY: prob green cuz he has a bm
(03:00 / All) diablo3betahere: who do you think you are
(03:02 / All) diablo3betahere: kira
(03:04 / All) diablo3betahere: ?
(03:17 / All) ChIeFd-OuT4-2-0: nighthawk
(03:21 / 5) PIE_GOOFED: what, you're bsing?
(03:30 / 8) FATBLACKGUY: maybe just green
(03:33 / 5) PIE_GOOFED: ah
(03:45 / All) ChIeFd-OuT4-2-0: HAAAAA
(03:48 / 5) PIE_GOOFED: maybe i'll just bs purp
(03:56 / 5) PIE_GOOFED: as soon as he does something unbearably stupid
(04:00 / 5) PIE_GOOFED: which should be any minute now.
(04:04 / 8) FATBLACKGUY: itll even things out
(04:18 / All) dnadj: lol
(04:22 / All) diablo3betahere: I've fought mudcrabs more fearsome that you.
(04:29 / 5) PIE_GOOFED: but if he proves that he somehow doesn't suck anymore, then maybe i'll let him live.
(04:33 / All) FATBLACKGUY: HAha you move like a pregnent cow.
(04:33 / Allies) Smokethefemale: riushhh
(05:10 / 5) PIE_GOOFED: damn
(05:14 / 5) PIE_GOOFED: supply blocked myself without realizing
(05:33 / 8) FATBLACKGUY: im going to kill pink for that
(05:37 / 8) FATBLACKGUY: just wait
(05:38 / 5) PIE_GOOFED: oh what'd he do?
(05:51 / 8) FATBLACKGUY: he hurt my tc who was manging my peons with auta
(05:53 / 8) FATBLACKGUY: aura*
(05:54 / 8) FATBLACKGUY: :(
(05:56 / 5) PIE_GOOFED: oh
(05:58 / 5) PIE_GOOFED: that's mean
(06:11 / 8) FATBLACKGUY: yes hes getting on in years and was going to r etire soon
(06:13 / 8) FATBLACKGUY: he didnt need this.
(06:50 / All) PIE_GOOFED: LOL
(07:05 / All) blueblood116: suck my dick
(07:23 / Allies) Smokethefemale: ok lets let them tech?
(07:30 / 5) PIE_GOOFED: sounds good
(07:36 / 5) PIE_GOOFED: meant to say that to allies
(07:40 / 8) FATBLACKGUY: lol.
(08:38 / All) PIE_GOOFED: sweeeet
(08:45 / All) blueblood116: nice waste of tp
(08:50 / All) PIE_GOOFED: i killed your hero?
(08:53 / All) PIE_GOOFED: And saved my life?
(08:54 / All) blueblood116: noob
(09:01 / All) PIE_GOOFED: pretty good deal i'd say
(09:10 / All) blueblood116: u still lose
(09:22 / All) PIE_GOOFED: why's that?
(09:28 / All) FATBLACKGUY: you guys are jerks
(09:34 / All) ChIeFd-OuT4-2-0: no way
(09:37 / All) FATBLACKGUY: im trying to run a business here
(09:39 / All) ChIeFd-OuT4-2-0: i was kiddin =(
(09:42 / All) PIE_GOOFED: lol red
(09:48 / All) PIE_GOOFED: didn't notice you were doing the same as me
(09:51 / Allies) Smokethefemale: this game is fucked
(09:54 / All) diablo3betahere: yes sir
(10:40 / All) blueblood116: hahahaha
(10:47 / Allies) Smokethefemale: gg
(10:48 / All) PIE_GOOFED: What now?
(10:50 / All) FATBLACKGUY: ill show you
(10:54 / All) PIE_GOOFED: Did you minimize to watch videos on College Humor?
(10:55 / All) FATBLACKGUY: ill show you all
(11:14 / All) FATBLACKGUY: bastards
(11:25 / All) FATBLACKGUY: i need those used cars
(12:27 / 8) FATBLACKGUY: ill find a way to sneak these demons in
(12:28 / All) blueblood116: owned
(12:28 / Allies) Smokethefemale: lumber
(12:32 / 8) FATBLACKGUY: demos damn it
(12:36 / 5) PIE_GOOFED: ok
(12:40 / 5) PIE_GOOFED: for a second there
(12:45 / 5) PIE_GOOFED: i thought you had a big army of level 6 pit lords
(12:58 / 8) FATBLACKGUY: yes but i dont want to use the,
(12:59 / 8) FATBLACKGUY: them#
(13:05 / 5) PIE_GOOFED: understandable
(13:13 / 5) PIE_GOOFED: you'd risk them getting hexed
(13:23 / 8) FATBLACKGUY: exactly
(13:29 / 8) FATBLACKGUY: theyre so whiney too
(13:31 / 8) FATBLACKGUY: jeez
(13:40 / 5) PIE_GOOFED: be right there purp
(14:05 / All) PIE_GOOFED: ghettos in the channel
(14:06 / All) FATBLACKGUY: youll get yours
(14:07 / All) FATBLACKGUY: and how
(14:09 / All) diablo3betahere: jat
(14:11 / All) diablo3betahere: kay
(14:12 / All) PIE_GOOFED: but he says
(14:15 / All) PIE_GOOFED: He's playing bioshock
(14:17 / All) PIE_GOOFED: To wait for us
(14:20 / All) diablo3betahere: what a nerd
(14:21 / All) FATBLACKGUY: gross
(14:25 / All) PIE_GOOFED: And sine this game has gone on for a time
(14:28 / All) PIE_GOOFED: Mgiht as well finish it
(14:35 / Allies) ChIeFd-OuT4-2-0: blu
(14:38 / All) ChIeFd-OuT4-2-0: blu
(14:39 / Allies) ChIeFd-OuT4-2-0: stop
(14:39 / Allies) nycstalker: i cant get out
(14:43 / All) ChIeFd-OuT4-2-0: bluuu
(14:47 / Allies) ChIeFd-OuT4-2-0: o
(15:03 / Allies) ChIeFd-OuT4-2-0: go
(15:04 / Allies) ChIeFd-OuT4-2-0: go
(15:04 / Allies) ChIeFd-OuT4-2-0: go
(15:05 / All) PIE_GOOFED: OH
(15:08 / Allies) Smokethefemale: give me gold
(15:12 / Allies) Smokethefemale: pls
(15:15 / All) PIE_GOOFED: The greet message told himt o whisper the wrong guy
(15:25 / Allies) Smokethefemale: yellow gol dpls
(15:32 / Allies) Smokethefemale: more pls
(15:32 / Allies) Smokethefemale: ty
(15:45 / 5) PIE_GOOFED: sorry
(15:48 / 5) PIE_GOOFED: been distracted all game
(15:53 / 8) FATBLACKGUY: np
(15:55 / 5) PIE_GOOFED: was trying to message that to pink
(15:59 / 8) FATBLACKGUY: lol
(16:00 / 5) PIE_GOOFED: FURTHER PROVING MY POINT
(16:13 / Allies) Smokethefemale: sigh
(16:23 / All) blueblood116: owned
(16:35 / Allies) Smokethefemale: even when I showed you dumbasses
(16:46 / Allies) PIE_GOOFED: yeah sorry pink i've been distracted all game
(16:53 / Allies) Smokethefemale: cuz your talkin like a fool
(16:54 / Allies) Smokethefemale: gg
(17:02 / Allies) PIE_GOOFED: yeah pretty much
(17:07 / Allies) PIE_GOOFED: that's exactly why lol
(18:03 / All) PIE_GOOFED: nice maphackred
(18:10 / Allies) Smokethefemale: wow stfu
(18:11 / All) blueblood116: ty
(18:20 / All) PIE_GOOFED: why would YOU say thank you
(18:23 / All) PIE_GOOFED: REPORTED TO BLIZZARD RED
(18:27 / All) PIE_GOOFED: ENJOY YOUR BAN
(18:30 / All) diablo3betahere: NOO
(18:32 / All) diablo3betahere: DONT
(18:35 / All) diablo3betahere: PLS
(18:42 / All) PIE_GOOFED: Too late
(18:48 / All) PIE_GOOFED: Already sent Bobby an email.
(18:50 / 8) FATBLACKGUY: i replaced greens main with a tiny hall
(18:52 / 8) FATBLACKGUY: he hasnt noticed
(18:55 / All) diablo3betahere: HOW AM I SUPPOSED TO FEED MY FAMILY
(18:58 / All) PIE_GOOFED: lol
(19:01 / All) diablo3betahere: WC3 IS MY LIFE
(20:00 / Allies) Smokethefemale: purple your unit build is lvl 5
(20:26 / Allies) ChIeFd-OuT4-2-0: tp
(20:27 / Allies) ChIeFd-OuT4-2-0: fucl
(20:28 / Allies) ChIeFd-OuT4-2-0: fuck
(20:34 / All) FATBLACKGUY: death to farms
(20:35 / 5) PIE_GOOFED: don't have a tp
(20:51 / 5) PIE_GOOFED: hmm
(20:53 / All) blueblood116: gg noobs
(21:00 / 5) PIE_GOOFED: purp didn't do nearly as bad this game as he usually does
(21:00 / Allies) ChIeFd-OuT4-2-0: hit teal
(21:16 / Allies) PIE_GOOFED: purple, did you get better at this game in the past week or so?
(21:36 / Allies) PIE_GOOFED: because when I last played with you you had lordaeron syndrome.
(22:56 / All) PIE_GOOFED: damn
(23:01 / All) FATBLACKGUY: FIGHT FIGHT FIGHT FIGHT
(23:02 / All) PIE_GOOFED: Looks like ya got me
(23:09 / All) FATBLACKGUY: WOW WTF TEAL
(23:15 / Allies) ChIeFd-OuT4-2-0: main
(23:31 / All) PIE_GOOFED: Damn
(23:39 / All) PIE_GOOFED: I cleared out that middle left expo so long ago
(23:43 / All) PIE_GOOFED: And wa slike "IM GONNA EXPO HERE"
(23:45 / All) PIE_GOOFED: never did
(23:46 / All) PIE_GOOFED: fuck
(24:03 / All) PIE_GOOFED: THIS WHAT HAPPENS WHEN PRO ELVES USE ANOTHER RACE
(24:14 / All) FATBLACKGUY: HAHAHA OWNED
(25:37 / All) FATBLACKGUY: hey my main
(25:40 / All) FATBLACKGUY: i needed that
(25:41 / All) FATBLACKGUY: jerk
(26:19 / All) PIE_GOOFED: hey fuk u teal
(26:27 / All) PIE_GOOFED: I wanted this one
(27:14 / All) PIE_GOOFED: Aw man
(27:16 / All) PIE_GOOFED: I was talking to ghetto
(27:18 / All) PIE_GOOFED: while you killed that
(27:22 / All) PIE_GOOFED: so i couldn't cancel it
(28:12 / 5) PIE_GOOFED: i'll control pink
(28:14 / 5) PIE_GOOFED: we can win this
(28:18 / 8) FATBLACKGUY: i took out teals workers completely hes fuckered
(28:25 / 5) PIE_GOOFED: nice
(28:28 / 5) PIE_GOOFED: oh
(28:29 / 5) PIE_GOOFED: fuck
(28:32 / 5) PIE_GOOFED: meant to say that to allies again
(28:32 / 8) FATBLACKGUY: guys a jerk
(28:42 / Allies) PIE_GOOFED: i got pink
(29:09 / All) FATBLACKGUY: i executed your acolytes for your disrespect to me teal
(29:19 / All) blueblood116: lol
(29:22 / All) PIE_GOOFED: HAH
(29:24 / All) PIE_GOOFED: Get owned
(29:39 / 5) PIE_GOOFED: you can do it purp
(29:43 / 5) PIE_GOOFED: you can drive the demons back!
(29:52 / 5) PIE_GOOFED: fuck
(29:53 / 8) FATBLACKGUY: he cant hear you
(29:54 / 8) FATBLACKGUY: :(
(29:58 / All) nycstalker: good fight fellas
(29:59 / 5) PIE_GOOFED: KEEP FORGETTING TO HOLD DOWN CONTROL
(30:02 / Allies) PIE_GOOFED: YOU GOT IT PURP
(30:03 / All) blueblood116: gg ladies
(30:06 / Allies) PIE_GOOFED: TS ALL YOU
(30:27 / All) PIE_GOOFED: k gg
(30:32 / Allies) PIE_GOOFED: you got it purp
(30:33 / All) FATBLACKGUY: not yet!
(30:50 / Allies) PIE_GOOFED: i'll keep giving you money
(30:53 / Allies) PIE_GOOFED: alright
(31:07 / 5) PIE_GOOFED: he's still making knights against mass wyrms
(31:11 / 5) PIE_GOOFED: now you know why i said he was bad
(31:27 / All) blueblood116: nice
(31:40 / Allies) ChIeFd-OuT4-2-0: u
(32:09 / All) diablo3betahere: get out
(32:10 / All) diablo3betahere: please
(32:16 / All) blueblood116: ?
(32:17 / All) PIE_GOOFED: you lost
(32:20 / All) PIE_GOOFED: leave please
(32:26 / All) blueblood116: u lose
(32:40 / All) blueblood116: hahahaha
(32:52 / All) ChIeFd-OuT4-2-0: hAAA
(32:58 / All) ChIeFd-OuT4-2-0: u won it red
(33:00 / All) ChIeFd-OuT4-2-0: gj
(33:01 / All) diablo3betahere: naw
(33:03 / All) diablo3betahere: stay
(33:06 / All) blueblood116: u lose
(33:06 / All) diablo3betahere: ingame
(33:08 / All) diablo3betahere: please
(33:09 / Allies) PIE_GOOFED: you can win purp
(33:18 / Allies) PIE_GOOFED: just stop trying to get knights to kill wyrms
(33:23 / Allies) PIE_GOOFED: it doesn't often work.
(33:46 / Allies) ChIeFd-OuT4-2-0: gold
(34:02 / All) PIE_GOOFED: damn
(34:07 / All) PIE_GOOFED: didn't notice you were there green
(34:08 / All) PIE_GOOFED: Was minimized
(34:35 / All) PIE_GOOFED: damn
(34:36 / All) PIE_GOOFED: real close
(34:38 / All) PIE_GOOFED: oh shit
(34:41 / All) PIE_GOOFED: I had a well there
(34:43 / All) PIE_GOOFED: Didn't even use it
(34:43 / All) PIE_GOOFED: wtf
(34:47 / All) blueblood116: what happened
(35:10 / All) blueblood116: wtf u doing
(35:17 / All) blueblood116: yellow leave
(35:18 / 5) PIE_GOOFED: progress on teal?
(35:25 / All) FATBLACKGUY: tee hee
(35:47 / All) PIE_GOOFED: Surprised purp got to level six
(35:50 / All) PIE_GOOFED: He didn't learn mass teleport.
(35:51 / All) PIE_GOOFED: Oh no
(35:58 / All) PIE_GOOFED: He opted for a level 3 dispellable free exp
(35:59 / All) PIE_GOOFED: instead
(36:04 / All) blueblood116: red fucking play asshole
(36:09 / All) diablo3betahere: dude
(36:11 / All) diablo3betahere: im playing
(36:14 / All) diablo3betahere: killing pink
(36:18 / All) blueblood116: win it
(36:24 / All) blueblood116: fag
(36:34 / All) diablo3betahere: i will
(36:37 / All) diablo3betahere: chill
(36:38 / All) blueblood116: oj ur a pussy\
(36:46 / All) FATBLACKGUY: im the best
(37:08 / All) PIE_GOOFED: aalright
(37:08 / All) PIE_GOOFED: You win
(37:13 / All) blueblood116: gg